 Dungeon Crawl Stone Soup version 0.21.1-1-g345015f (webtiles) character file.

20 inc the Vexing (level 2, 0/11 HPs)
             Began as a Felid Enchanter on Feb 22, 2018.
             Slain by a kobold
             ... wielding a +0 dagger
              (2 damage)
             ... on level 1 of the Dungeon.
             The game lasted 00:01:02 (645 turns).

inc the Vexing (Felid Enchanter)                     Turns: 645, Time: 00:01:02

Health: 0/11       AC:  1    Str:  4    XL:     2   Next: 58%
Magic:  1/6        EV: 18    Int: 16    God:
Gold:   32         SH:  0    Dex: 16    Spells: 2/5 levels left
                                        Lives:  0   Deaths: 0

rFire    . . .     SeeInvis +     - Unarmed
rCold    . . .     Gourm    .   (shield unavailable)
rNeg     . . .     Faith    .   (armour unavailable)
rPois    .         Spirit   .   (helmet unavailable)
rElec    .         Reflect  .   (cloak unavailable)
rCorr    .         Harm     .   (gloves unavailable)
MR       .....                  (boots unavailable)
Stlth    +++.......             (no amulet)
HPRegen  0.03/turn              (no ring)
MPRegen  0.10/turn              (no ring)

@: quick
A: very small, no armour, no weapons or thrown items, stealth, claws 1, fangs 3,
see invisible, carnivore, speed 1, shaggy fur 1, slow metabolism 1, sharp paws
a: no special abilities


You were on level 1 of the Dungeon.
You were not hungry.

You visited 1 branch of the dungeon, and saw 1 of its levels.

You collected 32 gold pieces.

Inventory:

Potions
 c - a potion of cancellation {unknown}
Books
 a - a book of Maledictions

   Spells                             Type                      Level
   a - Corona                         Hexes                        1
   b - Ensorcelled Hibernation        Hexes/Ice                    2
   c - Confuse                        Hexes                        3
   d - Tukima's Dance                 Hexes                        3
   e - Dazzling Spray                 Conjuration/Hexes            3
Comestibles
 b - a ration


   Skills:
 - Level 2.6 Dodging
 - Level 4.0 Stealth
 - Level 1.0 Unarmed Combat
 - Level 2.0 Spellcasting
 + Level 5.6 Hexes
 + Level 0.6 Ice Magic


You had 2 spell levels left.
You knew the following spells:

 Your Spells              Type           Power        Failure   Level  Hunger
a - Corona                Hex            ###....      1%          1    #......
b - Ensorcelled Hibernat  Hex/Ice        ##....       9%          2    ###....


Dungeon Overview and Level Annotations

Branches:
Dungeon (1/15)

Altars:


Innate Abilities, Weirdness & Mutations

You cannot wear armour.
You are incapable of wielding weapons or throwing items.
Your paws allow you to move quietly. (Stealth)
You have sharp claws.
You have razor-sharp teeth.
You have supernaturally acute eyesight. (SInv)
You are carnivorous and can eat meat at any time.
You cover ground quickly.
You are covered in fur. (AC +1)
You have a slow metabolism.
Your sharp claws are effective at attacking unaware monsters.


Message History

Casting: Ensorcelled Hibernation
Confirm with . or Enter, or press ? or * to list all spells.
You don't have enough magic to cast that spell.
Unknown command.
You barely miss the kobold.
The frilled lizard hisses angrily.
You bite the kobold, but do no damage. The kobold hits you but does no damage.
A frilled lizard comes into view.
You closely miss the kobold. The kobold hits you with a dagger.
* * * LOW HITPOINT WARNING * * *
You see here a stone.
You see here a scale mail.
Casting: Ensorcelled Hibernation
Confirm with . or Enter, or press ? or * to list all spells.
You don't have enough magic to cast that spell.
Unknown command.
The frilled lizard hisses angrily.
You scratch the kobold but do no damage.
The kobold hits you with a dagger.
You die...

##.## ...⌠.......⌠..
#.###### ..............
#######......#
.⌠...⌠...⌠...⌠
........####.#
............(. ######..#
#.⌠....⌠....⌠. #..####.#
#...........# #.......#
#..⌠...⌠..##
#.###############.......##
#.# #.l[.K@.....##..<..##
#.# #.#############...##
#)###.###### #####
#.......(†.#
#...^.####l####### ##.
#.####......(....#....
#######.#
#.###...l.......#
........# #.#
#..8..l..8..# #########
#.# #...($......#


You could see a kobold and a frilled lizard.

Vanquished Creatures
  An ooze (D:1)
  2 leopard geckos (D:1)
  3 giant cockroaches (D:1)
  2 hobgoblins (D:1)
  A kobold (D:1)
  A bat (D:1)
  A frilled lizard (D:1)
  2 rats (D:1)
13 creatures vanquished.

Notes
Turn   | Place    | Note
-------+----------+-------------------------------------------
     0 | D:1      | inc the Felid Enchanter began the quest for the Orb.
     0 | D:1      | Reached XP level 1. HP: 7/7 MP: 4/4
   318 | D:1      | Reached skill level 5 in Hexes
   331 | D:1      | Reached XP level 2. HP: 6/11 MP: 4/6
   471 | D:1      | Learned a level 2 spell: Ensorcelled Hibernation
   645 | D:1      | Slain by a kobold

Skill      XL: |  1 |
---------------+----+-----
Hexes          | 5 |  5.6
Dodging        | |  2.6
Stealth        | |  4.0
Unarmed Combat | |  1.0
Spellcasting   | |  2.0
Ice Magic      | |  0.6

Action                   || total
-------------------------++-------
Melee: Unarmed           ||    29
       Bite              ||     5
 Cast: Corona            ||     2
       Ensorcelled Hiber ||     5
 Stab: Sleeping          ||     9
Armor: Skin              ||     2
Dodge: Dodged            ||    18
